 Dungeon Crawl Stone Soup version 0.31.0-12-g77e489cdc1 (webtiles) character file.

Game seed: 11484624758158121974

41953 booth the Cleaver (level 13, 0/106 HPs)
             Began as a Demonspawn Gladiator on Feb 23, 2024.
             Was a Believer of Uskayaw.
             Succumbed to Nessos's poison
             ... on level 5 of the Lair of Beasts.
             The game lasted 01:20:54 (15365 turns).

booth the Cleaver (Demonspawn Gladiator)           Turns: 15365, Time: 01:20:55

Health: 0/106      AC: 19    Str: 20    XL:     13   Next: 82%
Magic:  6/22       EV: 15    Int: 14    God:    Uskayaw [**....]
Gold:   1154       SH: 11    Dex: 20    Spells: 12/12 levels left

rFire   + + +        u - +9 broad axe of the Inviting Boar {freeze, rPois Dex+4}
rCold   + . .        (no shield)
rNeg    + + .        q - +3 ring mail "Sid Woph" {*Corrode ^Drain rF+++ rN++ Str+3}
rPois   +            c - +1 helmet
rElec   .            A - +0 cloak
rCorr   .            p - +1 pair of gloves
SInv    .            (no boots)
Will    .....        U - amulet of reflection
Stlth   +            n - ring of Jisid {rF+ Int+4 Slay+2}
HPRegen 0.37/turn    v - +4 ring of protection
MPRegen 0.36/turn

%: corrode self (3%), reflection, guardian spirit
@: lethally poisoned (0 -> -68)
A: large bone plates 2, ignite blood 2, magic shield, magic regeneration,
demonic touch 2, hooves 1, cold resistance 1, subdued magic 1
a: Renounce Religion, Stomp, Line Pass


You were on level 5 of the Lair of Beasts.
You worshipped Uskayaw.
Uskayaw was pleased with you.
You visited 2 branches of the dungeon, and saw 15 of its levels.
You also visited: Ossuary.

You collected 1154 gold pieces.

Inventory:

Hand Weapons
 a - a +0 war axe of protection
 u - the +9 broad axe of the Inviting Boar (weapon) {freeze, rPois Dex+4}
   (You acquired it in an ossuary)

   Dex+4:     It affects your dexterity (+4).
   rPois:     It protects you from poison
 J - a +1 demon whip of venom
Missiles
 d - 6 throwing nets (quivered)
 e - 3 boomerangs
 B - 4 darts of dispersal
 F - 6 javelins
 G - 9 poisoned darts
 T - 6 atropa-tipped darts
Armour
 c - a +1 helmet (worn)
 k - a +0 scale mail
 p - a +1 pair of gloves (worn)
 q - the +3 ring mail "Sid Woph" (worn) {*Corrode ^Drain rF+++ rN++ Str+3}
   (You found it on level 2 of the Dungeon)

   Str+3:     It affects your strength (+3).
   rF+++:     It renders you almost immune to fire.
   rN++:      It greatly protects you from negative energy.
   *Corrode:  It may corrode you when you take damage.
   ^Drain:    It drains your maximum health when unequipped.
 A - a +0 cloak (worn)
Jewellery
 n - the ring of Jisid (left hand) {rF+ Int+4 Slay+2}
   (You acquired it on level 3 of the Dungeon)

   [ring of protection from fire]

   Int+4:     It affects your intelligence (+4).
   Slay+2:    It affects your accuracy & damage with ranged weapons and melee
   (+2).
   rF+:       It protects you from fire.
 v - a +4 ring of protection (right hand)
 y - an amulet of regeneration
 U - an amulet of reflection (around neck)
Wands
 b - a wand of digging (4)
 l - a wand of polymorph (11)
 z - a wand of flame (17)
 I - a wand of mindburst (10)
 O - a wand of light (6)
Scrolls
 g - 6 scrolls of revelation
 h - 3 scrolls of silence
 i - a scroll of enchant weapon
 j - 5 scrolls of teleportation
 m - a scroll of immolation
 r - 4 scrolls of fog
 x - 3 scrolls of poison
 D - a scroll of identify
 E - a scroll of amnesia {unknown}
 K - 2 scrolls of vulnerability {unknown}
 S - a scroll of torment
Potions
 f - a potion of haste
 o - 5 potions of curing
 s - 2 potions of invisibility
 t - 3 potions of mutation
 w - 5 potions of lignification
 C - 2 potions of attraction
 H - 2 potions of enlightenment {unknown}
 L - a potion of magic {unknown}
 M - a potion of resistance
 N - a potion of ambrosia
 P - a potion of might
 Q - a potion of cancellation


   Skills:
 + Level 11.0 Fighting
 * Level 14.1 Axes
 - Level 8.3 Throwing
 + Level 5.6 Armour
 + Level 6.3 Dodging
 + Level 13.1 Invocations


You had 12 spell levels left.
You didn't know any spells.
Your spell library contained the following spells:

 Spells                   Type           Power      Damage    Failure   Level
 Kiss of Death            Conj/Necr      0%         2d5       38%         1
 Cigotuvi's Dreadful Rot  Necr/Alch/Air  0%         N/A       52%         2
 Confusing Touch          Hex            0%         N/A       77%         3
 Cause Fear               Hex            0%         N/A       99%         4
 Dispel Undead            Necr           0%         3d6       99%         4
 Ignite Poison            Fire/Alch      0%         N/A       99%         4
 Leda's Liquefaction      Alch/Erth      0%         N/A       99%         4
 Fireball                 Conj/Fire      0%         3d3       100%        5
 Freezing Cloud           Conj/Ice/Air   0%         6-21      100%        5
 Lee's Rapid Deconstruct  Erth           0%         3d4*      100%        5
 Bombard                  Conj/Erth      0%         9d1       100%        6
 Dragon's Call            Summ           0%         N/A       100%        9


Dungeon Overview and Level Annotations

Branches:
Dungeon (10/15)            Temple (0/1) D:6            Lair (5/5) D:8
 Shoals (0/4) Lair:2        Snake (0/4) Lair:2        Slime (0/5) Lair:4
    Orc (0/2) D:9         Ossuary (visited)

Altars:
Gozag
Hepliaklqana
Kikubaaqudgha
Makhleb
Qazlal
Trog
Uskayaw
Xom
Jiyva

Shops:
D:5 =

Annotations:
Lair:5 Nessos


Innate Abilities, Weirdness & Mutations

You are mostly covered in large bone plates. (SH +6)
Your demonic aura often causes spilled blood to erupt in flames.
When hurt, damage is shared between your health and your magic reserves.
You regenerate magic rapidly.
Your touch may inflict irresistible damage on your foes.
You have large cloven feet.
Your flesh is cold resistant. (rC+)
Your spells are a little easier to cast, but a little less powerful.


Message History

Nessos mumbles some strange words.
Nessos blinks!
The water moccasin is engulfed in blazing flames.
You kill the water moccasin!
Nessos shoots an arrow.
You block the arrow with an invisible shield... and reflect it back!
The arrow hits Nessos!
The arrow burns Nessos!
Nessos is poisoned.
You hear an angry hiss.
Uskayaw will force your foes to helplessly watch your dance.
Nessos is engulfed in blazing flames.
Nessos shoots an arrow.
The arrow hits you!
You see here a water moccasin corpse.
Nessos shoots an arrow.
The arrow hits you!
You are poisoned.
A komodo dragon comes into view.
You feel very sick.
The komodo dragon hisses angrily.
Nessos gestures wildly while chanting.
Nessos seems to speed up.
The komodo dragon moves out of view.
A cane toad comes into view.
You feel sick.
The cane toad croaks.
Nessos shoots an arrow.
The arrow hits you!
You are more poisoned.
Nessos shoots an arrow.
The arrow hits you!!
You are lethally poisoned!
The cane toad is engulfed in blazing flames.
* * * LOW HITPOINT WARNING * * *
You feel extremely sick.
Nessos shoots an arrow.
The arrow hits you but does no damage.
Nessos shoots an arrow.
The arrow hits you!!
* * * LOW HITPOINT WARNING * * *
You are more poisoned.
The cane toad is engulfed in blazing flames.
You block the cane toad's attack.
The cane toad is engulfed in blazing flames.
The cane toad closely misses you.
Nessos casts a spell.
Nessos blinks!
You die...

... ....##†..# #
....##.##.....#.## #
...#.....#.#..##.#
#..##..........#..#.#
...#...8...8...#...####
........8........'.#P##
#.../..8...8...#..#.†..##
#..#.l.........#..#......
#...#.##@..#..#..##..#.#P
#....☼○#†.#...†##.......
....#..○F°.....††........
.....#.○.....#...........
......##..#.#............
.........................
.c...............^.......
.F........<............ .
.......................


You could see Nessos (fast, very poisoned) and a komodo dragon.

Vanquished Creatures
  Harold (D:9)
  3 hydras
  A catoblepas (Lair:3)
  A boulder beetle (D:8)
  4 two-headed ogres (D:9)
  2 centaur warriors (D:8)
  A tengu warrior (D:8)
  6 death yaks (Lair:3)
  A fire crab (Lair:4)
  Amaemon (D:8)
  An orc knight (D:9)
  A wolf spider (Lair:2)
  A salamander (Lair:2)
  A cyclops (D:9)
  7 elephants
  3 black mambas (Lair:3)
  An orange demon (D:8)
  A torpor snail (Lair:1)
  6 cane toads
  Jeremiah (D:6)
  Maggie (D:9)
  8 komodo dragons
  An unseen horror (D:10)
  4 rime drakes
  An efreet (D:9)
  2 trolls
  4 polar bears
  9 blink frogs
  5 dream sheep (Lair:5)
  A vampire (D:10)
  23 yaks
  2 wyverns
  A fire bat (D:8)
  2 basilisks
  A yak (shapeshifter) (D:8)
  A steam dragon (Lair:4)
  2 nagas (Lair:2)
  An acid dragon (D:8)
  2 hell hounds (Lair:2)
  27 water moccasins
  An orc warrior (D:9)
  A sky beast (D:8)
  4 ice beasts
  A black bear (D:7)
  20 wolves
  An ogre (D:4)
  6 centaurs
  A phantom (D:5)
  2 elf zombies (Ossuary)
  2 kobold brigands
  8 bullfrogs
  Blork the orc (D:6)
  2 scorpions
  16 wights
  9 killer bees
  2 electric eels (Lair:5)
  4 howler monkeys
  A spectral bullfrog (Ossuary)
  5 human zombies (Ossuary)
  2 bombardier beetles
  2 gnoll boudas
  4 orc priests
  2 sleepcaps
  3 iguanas
  Natasha (thrice) (D:3)
  2 hell rats (Lair:4)
  10 orc wizards
  A bullfrog simulacrum (Ossuary)
  2 crocodile zombies (Ossuary)
  3 spectral hounds (Ossuary)
  2 mummies (Ossuary)
  4 gnolls (D:8)
  7 river rats (Lair:4)
  15 adders
  3 hound simulacra (Ossuary)
  A white imp (D:8)
  2 ufetubi (D:6)
  A spectral adder (Ossuary)
  3 spectral gnolls (Ossuary)
  2 adder simulacra (Ossuary)
  3 dart slugs
  2 ribbon worms
  36 orcs
  10 endoplasms
  7 giant cockroaches
  7 goblins
  4 hobgoblins
  4 jackals (D:4)
  17 kobolds
  6 quokkas
  5 ball pythons
  6 bats
  7 frilled lizards
  3 gnoll simulacra (Ossuary)
  2 gnoll zombies (Ossuary)
  2 jackal simulacra (Ossuary)
  4 kobold zombies (Ossuary)
  10 orc zombies (Ossuary)
  5 rats
  2 spectral jackals (Ossuary)
445 creatures vanquished.

Vanquished Creatures (others)
  An orc wizard (D:3)
1 creature vanquished.

Grand Total: 446 creatures vanquished

Notes
Turn   | Place    | Note
-------+----------+-------------------------------------------
     0 | D:1      | booth the Demonspawn Gladiator began the quest for the Orb.
     0 | D:1      | Reached XP level 1. HP: 16/16 MP: 1/1
    90 | D:1      | Gained mutation: You are partially covered in large bone
                  | plates. (SH +4) [demonic ancestry]
    90 | D:1      | Reached XP level 2. HP: 19/22 MP: 2/2
   231 | D:1      | Reached skill level 3 in Axes
   512 | D:1      | Gained mutation: Your touch may inflict minor irresistible
                  | damage on your foes. [demonic ancestry]
   512 | D:1      | Reached XP level 3. HP: 28/28 MP: 3/3
   982 | D:2      | Identified the +3 robe of Delicate Lucidity {rC- Int+8
                  | Dex-3 Slay+4}
  1175 | D:2      | Identified the +3 ring mail "Sid Woph" {*Corrode ^Drain
                  | rF+++ rN++ Str+3}
  1202 | D:2      | Reached XP level 4. HP: 34/34 MP: 4/4
  1251 | D:2      | Found a faded altar of an unknown god.
  1256 | D:2      | Prayed at the altar of an unknown god.
  1256 | D:2      | Became a worshipper of Uskayaw the Reveller
  1256 | D:2      | Reached * piety under Uskayaw
  1617 | D:2      | Reached ** piety under Uskayaw
  1856 | D:3      | Noticed Natasha
  1862 | D:3      | Reached *** piety under Uskayaw
  1863 | D:3      | Killed Natasha
  1864 | D:3      | Reached skill level 4 in Axes
  1929 | D:3      | Reached XP level 5. HP: 41/41 MP: 5/5
  1933 | D:3      | Noticed Natasha
  1944 | D:3      | Killed Natasha
  1956 | D:3      | Noticed Natasha
  1962 | D:3      | Killed Natasha
  2214 | D:3      | HP: 2/41 [orc/+0 trident (2)]
  2239 | D:3      | Reached XP level 6. HP: 29/47 MP: 6/6
  2471 | D:3      | Identified a scroll of acquirement
  2471 | D:3      | Acquired the ring of Jisid {rF+ Int+4 Slay+2}
  2635 | D:4      | HP: 2/47 [ogre/+0 giant club (23)]
  2642 | D:4      | Reached skill level 5 in Axes
  2642 | D:4      | Reached skill level 1 in Invocations
  2825 | D:4      | Found a bloodstained altar of Trog.
  2904 | D:4      | HP: 2/48 [orc priest/nerve-wracking pain (2)]
  2914 | D:4      | Gained mutation: You regenerate magic rapidly. [demonic
                  | ancestry]
  2914 | D:4      | Reached XP level 7. HP: 10/54 MP: 2/8
  3316 | D:4      | Found a burning altar of Makhleb.
  3502 | D:5      | Entered Level 5 of the Dungeon
  3621 | D:5      | Found a sand-covered staircase.
  3650 | Ossuary  | Entered an ossuary
  3809 | Ossuary  | Reached **** piety under Uskayaw
  3832 | Ossuary  | Reached skill level 6 in Axes
  3942 | Ossuary  | Gained mutation: You are mostly covered in large bone
                  | plates. (SH +6) [demonic ancestry]
  3942 | Ossuary  | Reached XP level 8. HP: 50/61 MP: 10/10
  4337 | Ossuary  | Reached skill level 5 in Fighting
  4468 | Ossuary  | Acquired the +9 broad axe of the Inviting Boar {freeze,
                  | rPois Dex+4}
  4471 | Ossuary  | Gained mutation: You have large cloven feet. [potion of
                  | mutation]
  4471 | Ossuary  | Gained mutation: Your spells are a little easier to cast,
                  | but a little less powerful. [potion of mutation]
  4471 | Ossuary  | Gained mutation: Your flesh is cold resistant. (rC+)
                  | [potion of mutation]
  4673 | D:5      | Found Coryg's Jewellery Shop.
  5315 | D:5      | Found a hazy altar of Hepliaklqana.
  5443 | D:6      | Noticed Blork the orc
  5450 | D:6      | Killed Blork the orc
  5451 | D:6      | Reached skill level 7 in Axes
  5462 | D:6      | Noticed Jeremiah
  5566 | D:6      | Killed Jeremiah
  5567 | D:6      | Reached skill level 5 in Throwing
  5567 | D:6      | Reached skill level 5 in Invocations
  5757 | D:6      | Gained mutation: When hurt, damage is shared between your
                  | health and your magic reserves. [demonic ancestry]
  5757 | D:6      | Reached XP level 9. HP: 69/69 MP: 13/13
  5992 | D:6      | Found a stormy altar of Qazlal.
  6107 | D:6      | Found a hide-covered altar of Uskayaw.
  6338 | D:6      | Found a staircase to the Ecumenical Temple.
  6770 | D:7      | Reached skill level 8 in Axes
  6862 | D:7      | Identified the +0 leather armour "Veip" {Rampage rC+ Dex-3}
  7584 | D:8      | Noticed Amaemon
  7584 | D:8      | Noticed an orange demon
  7593 | D:8      | Killed Amaemon
  7597 | D:8      | Killed an orange demon
  7598 | D:8      | Reached skill level 9 in Axes
  7598 | D:8      | Gained mutation: Your touch may inflict irresistible damage
                  | on your foes. [demonic ancestry]
  7598 | D:8      | Reached XP level 10. HP: 37/77 MP: 9/15
  7600 | D:8      | Reached ***** piety under Uskayaw
  7771 | D:8      | Found a staircase to the Lair.
  8512 | D:8      | Found an opulent altar of Gozag.
  8662 | D:8      | Found a shimmering altar of Xom.
  8759 | D:8      | Noticed a centaur warrior
  8759 | D:8      | Noticed a tengu warrior
  8759 | D:8      | Noticed a boulder beetle
  8766 | D:8      | Killed a centaur warrior
  8767 | D:8      | Reached skill level 10 in Axes
  8775 | D:8      | Killed a tengu warrior
  8781 | D:8      | HP: 2/80 [boulder beetle (4)]
  9028 | D:8      | Killed a boulder beetle
  9068 | D:8      | Noticed a centaur warrior
  9073 | D:8      | Killed a centaur warrior
  9074 | D:8      | Gained mutation: Your demonic aura sometimes causes spilled
                  | blood to erupt in flames. [demonic ancestry]
  9074 | D:8      | Reached XP level 11. HP: 63/86 MP: 10/17
  9392 | D:9      | Found an ancient bone altar of Kikubaaqudgha.
  9446 | D:9      | Found a staircase to the Orcish Mines.
  9634 | D:9      | Noticed a two-headed ogre
  9641 | D:9      | Killed a two-headed ogre
  9794 | D:9      | Reached skill level 11 in Axes
 10224 | D:9      | Noticed a two-headed ogre
 10232 | D:9      | Killed a two-headed ogre
 10233 | D:9      | Reached skill level 10 in Invocations
 10273 | D:9      | Noticed a two-headed ogre
 10273 | D:9      | Noticed a two-headed ogre
 10284 | D:9      | Killed a two-headed ogre
 10287 | D:9      | Killed a two-headed ogre
 10464 | D:9      | Noticed an orc knight
 10470 | D:9      | Killed an orc knight
 10679 | D:9      | Noticed Harold
 10691 | D:9      | Killed Harold
 10754 | D:9      | Noticed Maggie
 10759 | D:9      | Killed Maggie
 10844 | D:10     | Entered Level 10 of the Dungeon
 11376 | Lair:1   | Entered Level 1 of the Lair of Beasts
 11383 | Lair:1   | Reached skill level 1 in Armour
 11383 | Lair:1   | Reached XP level 12. HP: 62/95 MP: 15/20
 11500 | Lair:1   | Reached skill level 12 in Axes
 11696 | Lair:1   | Reached ****** piety under Uskayaw
 12438 | Lair:2   | Found a staircase to the Shoals.
 12571 | Lair:2   | Reached skill level 10 in Fighting
 12747 | Lair:2   | Reached skill level 13 in Axes
 13062 | Lair:2   | Found a staircase to the Snake Pit.
 13350 | Lair:3   | Reached skill level 5 in Dodging
 13350 | Lair:3   | Gained mutation: Your demonic aura often causes spilled
                  | blood to erupt in flames. [demonic ancestry]
 13350 | Lair:3   | Reached XP level 13. HP: 103/103 MP: 22/22
 14345 | Lair:4   | Reached skill level 5 in Armour
 14605 | Lair:4   | Found a viscous altar of Jiyva.
 14606 | Lair:4   | Found a staircase to the Slime Pits.
 15094 | Lair:5   | Entered Level 5 of the Lair of Beasts
 15286 | Lair:5   | Reached skill level 14 in Axes
 15356 | Lair:5   | Noticed Nessos
 15365 | Lair:5   | Succumbed to Nessos's poison

Illustrated notes

Levels and vault maps discovered:
D:1:      roadster_arrival_rocket_large, layout_basic
D:2:      layout_loops_cross, basic_ecumenical_altar, minmay_liquid_box,
          minmay_quantized
D:3:      layout_rooms, minmay_misc_feat_more_columns, uniq_natasha
D:4:      layout_cave_pools, bloody_makhleb, mainiacjoe_overflow_boulevard
D:5:      layout_basic, lemuel_tele_altar, enter_ossuary_1, serial_shops,
          shop_coins, grunt_ministairs_4, nicolae_tricolors
D:6:      layout_cave_pools, mainiacjoe_overflow_tiny_flanked,
          lemuel_round_altar, minmay_temple_entry_fiery, amethyst_killhole,
          lexackson_kobold_supper, uniq_jeremiah, uniq_blork_the_orc
D:7:      layout_basic, kennysheep_generic_room_4
D:8:      layout_basic, regret_index_xom_of_box, grunt_gozag_statues,
          hellmonk_lair_entry_icy, minmay_misc_feat_diagonals,
          minmay_shattered_shrine, uniq_amaemon
D:9:      layout_irregular_city, tso_oasis_becter,
          nicolae_kikubaaqudgha_miasma_corner, orc_0_dummy, minivault_22,
          hellmonk_guarded_unrand_dark_maul, uniq_harold, uniq_maggie
D:10:     layout_cave_pools
Lair:1:   layout_big_grid, serial_bayou_shore_b
Lair:2:   lemuel_reptile_caves, layout_regular_city, shoals_dummy_entry,
          alex1729_snake_entry_snake, enter_volcano_3,
          nicolae_lair_run_with_the_wolves
Lair:3:   layout_regular_city, grunt_megastairs_4
Lair:4:   layout_regular_city, slime_entry_1, kennysheep_rathole
Lair:5:   grunt_lair_end_beastmaster, layout_hall_layers,
          infiniplex_staircase_pool, grunt_megastairs_2, uniq_nessos

Skill      XL: |  1  2  3  4  5  6  7  8  9 10 11 12 13 |
---------------+----------------------------------------+-----
Throwing       | 2 3 4 5 6 7 8 |  8.3
Axes           | 3 4 5 6 7 9 10 11 13 14 | 14.1
Fighting       | 3 4 5 6 8 9 10 11 | 11.0
Invocations    | 2 3 5 7 9 10 12 13 | 13.1
Dodging        | 3 5 6 |  6.3
Armour         | 1 4 5 |  5.6

Action                     |  1- 3 |  4- 6 |  7- 9 | 10-12 | 13-15 || total
---------------------------+-------+-------+-------+-------+-------++-------
  Melee: War axe           |    78 |   154 |   175 |       |       ||   407
         Touch             |     4 |    19 |    65 |    54 |    20 ||   162
         Punch             |       |     1 |     8 |     4 |     2 ||    15
         Broad axe         |       |       |   169 |   270 |   114 ||   553
         Kick              |       |       |    62 |    81 |    57 ||   200
         Demon whip        |       |       |       |       |    14 ||    14
  Throw: Dart              |       |       |     2 |       |       ||     2
         Javelin           |       |       |     1 |       |       ||     1
 Invoke: Stomp             |       |     4 |     4 |    17 |     1 ||    26
         Line Pass         |       |       |       |     1 |       ||     1
    Use: Scroll            |     3 |     3 |     7 |     4 |     3 ||    20
         Potion            |       |     8 |     4 |     2 |       ||    14
   Stab: Paralysed         |       |     3 |    15 |    22 |    15 ||    55
         Sleeping          |       |       |     1 |       |       ||     1
 Armour: Leather armour    |    28 |       |       |       |       ||    28
         Robe              |     5 |       |       |       |       ||     5
         Ring mail         |     1 |    99 |   180 |   217 |    70 ||   567
         Skin              |       |    13 |     2 |       |       ||    15
  Dodge: Dodged            |    52 |    88 |   131 |   171 |    45 ||   487
  Block: Other             |     9 |    21 |    56 |    75 |    34 ||   195
         Reflection        |       |       |       |       |     1 ||     1
